 Dungeon Crawl Stone Soup version 0.29-a0-40-g8eb35efe60 (webtiles) character file.

Game seed: 17263943912591471947

51 funkygono the Firebug (level 3, -1/19 HPs)
             Began as a Gargoyle Fire Elementalist on Feb 1, 2022.
             Slain by a jackal (3 damage)
             ... on level 2 of the Dungeon.
             The game lasted 00:02:24 (1444 turns).

funkygono the Firebug (Gargoyle Fire Elementalist)  Turns: 1444, Time: 00:02:24

Health: -1/19      AC:  5    Str: 11    XL:     3   Next: 83%
Magic:  6/6        EV: 12    Int: 17    God:
Gold:   34         SH:  0    Dex: 10    Spells: 1/7 levels left

rFire   . . .      SeeInvis .   k - +0 flail
rCold   . . .      Faith    .   (no shield)
rNeg    + . .      Spirit   .   a - +0 robe
rPois   ∞          Reflect  .   (no helmet)
rElec   +          Harm     .   (no cloak)
rCorr   .          Rampage  .   (no gloves)
Will    .....                   (no boots)
Stlth   ++........              (no amulet)
HPRegen 0.06/turn               (no ring)
MPRegen 0.10/turn               (no ring)

@: no status effects
A: sickness immunity, AC +3, negative energy resistance 1, electricity
resistance, torment resistance 1, petrification resistance
a: no special abilities


You were on level 2 of the Dungeon.
You visited 1 branch of the dungeon, and saw 2 of its levels.

You collected 34 gold pieces.

Inventory:

Hand Weapons
 c - a +0 club
 k - a +0 flail (weapon)
Missiles
 h - 19 stones
 j - a throwing net
Armour
 a - a +0 robe (worn)
Scrolls
 f - a scroll of identify {unknown}
 g - a scroll of vulnerability {unknown}
 i - a scroll of fog {unknown}
Potions
 b - 3 potions of degeneration {unknown}
 d - a potion of magic {unknown}
 e - a potion of brilliance {unknown}


   Skills:
 + Level 1.6 Dodging
 - Level 2.1 Stealth
 * Level 2.6 Spellcasting
 * Level 1.5 Conjurations
 * Level 4.0 Fire Magic


You had one spell level left.
You knew the following spells:

 Your Spells              Type           Power      Damage    Failure   Level
a - Foxfire               Conj/Fire      44%        2x1d6     6%          1
b - Scorch                Fire           30%        2d7       5%          2
c - Conjure Flame         Conj/Fire      11%        6-21      17%         3

Your spell library contained the following spells:

 Spells                   Type           Power      Damage    Failure   Level
 Inner Flame              Hex/Fire       9%         N/A       24%         3
 Flame Wave               Conj/Fire      11%        2d5       50%         4


Dungeon Overview and Level Annotations

Branches:
Dungeon (2/15)

Altars:

Shops:
D:1 [

Annotations:
D:2 Sigmund


Innate Abilities, Weirdness & Mutations

You are immune to sickness and miasma.
Your stone body is resilient. (AC +3)
You are immune to poison.
You resist negative energy. (rN+)
You are resistant to electric shocks. (rElec)
You are resistant to unholy torment.
You are immune to petrification.


Message History

The jackal bites you. The jackal closely misses you.
The jackal barely misses you.
The jackal bites you but does no damage.
Sigmund appears from thin air!
Reactivating autopickup.
Sigmund flickers, as though insubstantial.
The jackal bites you but does no damage.
The jackal barely misses you. The jackal misses you.
The jackal closely misses you.
The jackal bites you but does no damage.
The jackal barely misses you.
Sigmund mumbles some strange words.
Sigmund flickers and vanishes!
Deactivating autopickup; reactivate with Ctrl-A.
The jackal barely misses you.
The jackal bites you but does no damage.
The jackal closely misses you.
The jackal bites you but does no damage.
Found 4 gold pieces.
The jackal closely misses you. The jackal bites you.
The jackal bites you but does no damage.
The jackal bites you.
You barely miss the jackal.
The jackal bites you but does no damage. x2
You barely miss the jackal. The jackal closely misses you.
Something hits you but does no damage.
The jackal bites you but does no damage.
You closely miss the jackal.
The jackal bites you but does no damage.
Something hits you but does no damage. The jackal misses you.
You barely miss the jackal. The jackal closely misses you. Something hits you.
* * * LOW HITPOINT WARNING * * *
The jackal barely misses you.
You barely miss the jackal. The jackal bites you.
* * * LOW HITPOINT WARNING * * *
Something barely misses you. The jackal closely misses you.
You miss the jackal. The jackal bites you.
You die...

... ##.#.# #.# ..>
.... ... ... #..#####
#.# ... #....... #.#
... #######...# #.#
### #....{....######.#
#.#####.#...$..#.# #.#
#.#.{###.#.# #.#
#.#..h@# #.# #####{#
#.###### #.# ......#
#.. #.#
####################.#
...................#.#
#################.##.#
.....#. ...#.##.#
####.#.########'#.##.#
## #.#......)......#.#


You could see a jackal.

Vanquished Creatures
  2 gnolls (D:2)
  A dart slug (D:2)
  A ball python (D:1)
  An endoplasm (D:2)
  3 goblins (D:1)
  3 hobgoblins
  A jackal (D:2)
  3 quokkas
  6 bats
  A frilled lizard (D:2)
  4 kobolds
  2 rats
28 creatures vanquished.

Vanquished Creatures (collateral kills)
  2 foxfires (D:1)
2 creatures vanquished.

Vanquished Creatures (others)
  81 foxfires
  2 plants (D:1)
83 creatures vanquished.

Grand Total: 113 creatures vanquished

Notes
Turn   | Place    | Note
-------+----------+-------------------------------------------
     0 | D:1      | funkygono the Gargoyle Fire Elementalist began the quest
                  | for the Orb.
     0 | D:1      | Reached XP level 1. HP: 10/10 MP: 3/3
    16 | D:1      | Found Iqiu's Antique Armour Shoppe.
   182 | D:1      | Reached XP level 2. HP: 15/15 MP: 0/5
   353 | D:1      | Learned a level 2 spell: Scorch
   552 | D:1      | Found a faded altar of an unknown god.
  1000 | D:2      | Reached XP level 3. HP: 19/19 MP: 2/6
  1011 | D:2      | Learned a level 3 spell: Conjure Flame
  1218 | D:2      | Reached skill level 4 in Fire Magic
  1369 | D:2      | Noticed Sigmund
  1444 | D:2      | Slain by a jackal

Illustrated notes

Levels and vault maps discovered:
D:1:      minmay_arrival_cross, layout_rooms, serial_shops, shop,
          hellmonk_ecumenical_altar_run_dry, serial_forest,
          infiniplex_forest_end_1, infiniplex_forest_straight_2,
          infiniplex_forest_join, infiniplex_forest_clump_diagonal,
          infiniplex_forest_straight_1, infiniplex_forest_clump_tiny,
          infiniplex_forest_lined_corner, infiniplex_forest_clump_cross,
          minivault_5, nicolae_figureground_pulse
D:2:      layout_basic, uniq_jessica, uniq_natasha, uniq_sigmund

Skill      XL: |  1  2  3 |
---------------+----------+-----
Fire Magic     | 4 |  4.0
Dodging        | |  1.6
Stealth        | |  2.1
Spellcasting   | |  2.6
Conjurations   | |  1.5

Action                   || total
-------------------------++-------
Melee: Club              ||     5
       Flail             ||     9
 Cast: Foxfire           ||    48
       Scorch            ||     3
Armor: Robe              ||    25
Dodge: Dodged            ||    23

Table legend: (Time is in decaauts)
 A = Elapsed time spent in this place.
 B = Non-inter-level travel time spent in this place.
 C = Inter-level travel time spent in this place.
 D = Time resting spent in this place.
 E = Time spent auto-exploring this place.
 F = Levels seen in this place.
 G = Mean time per level.
                   A        B        C        D        E       F      G
               +--------+--------+--------+--------+--------+-----+--------+
         Total |   1447 |   1401 |     46 |     44 |   1083 |   2 |  723.5 |
       Dungeon |   1447 |   1401 |     46 |     44 |   1083 |   2 |  723.5 |
               +--------+--------+--------+--------+--------+-----+--------+

Top non-repeatable levels by time:
     D:1: 868 daAuts
     D:2: 579 daAuts
